 Dungeon Crawl Stone Soup version 0.30-a0-377-g5cb311bc9f (webtiles) character file.

Game seed: 10038446545338240637

268 SmokeWeed the Trooper (level 6, 0/62 HPs)
             Began as an Ogre Gladiator on Nov 27, 2022.
             Slain by a gnoll
             ... wielding a +0 spear
              (4 damage)
             ... on level 4 of the Dungeon.
             The game lasted 00:18:46 (3473 turns).

SmokeWeed the Trooper (Ogre Gladiator)              Turns: 3473, Time: 00:18:46

Health: 0/62       AC:  4    Str: 25    XL:     6   Next: 21%
Magic:  6/6        EV: 10    Int: 11    God:
Gold:   124        SH:  0    Dex: 10    Spells: 5/5 levels left

rFire   . . .      SeeInvis .    l - +1 mace (flame)
rCold   . . .      Faith    .    (no shield)
rNeg    . . .      Spirit   .    s - +0 animal skin
rPois   .          Reflect  .    c - +0 hat
rElec   .          Harm     .    t - +0 cloak
rCorr   .          Rampage  .    (gloves unavailable)
Will    .....                    (boots unavailable)
Stlth   +.........               x - amulet of the acrobat
HPRegen 0.30/turn                q - +6 ring of strength
MPRegen 0.10/turn                (no ring)

@: invisible
A: large, unfitting armour, tough skin 1
a: no special abilities


You were on level 4 of the Dungeon.
You visited 1 branch of the dungeon, and saw 4 of its levels.

You collected 124 gold pieces.

Inventory:

Hand Weapons
 a - a +0 rapier
 f - a +2 dagger of venom
 h - a +2 dagger of freezing
 i - a +1 dagger of electrocution
 l - a +1 mace of flaming (weapon)
 u - a +1 short sword of protection
Missiles
 d - 2 throwing nets (quivered)
 e - a large rock
 j - 9 poisoned darts
Armour
 b - a +0 robe
 c - a +0 hat (worn)
 s - a +0 animal skin (worn)
 t - a +0 cloak (worn)
 z - a scarf of shadows
Jewellery
 q - a +6 ring of strength (left hand)
 x - an amulet of the acrobat (around neck)
Wands
 y - a wand of paralysis (7)
Potions
 g - a potion of lignification
 n - a potion of haste
 p - 2 potions of brilliance
 r - a potion of curing


   Skills:
 + Level 4.1 Fighting
 + Level 3.5 Short Blades
 + Level 2.8 Maces & Flails
 + Level 2.1 Throwing
 + Level 3.8 Dodging
 + Level 1.0 Stealth


You had 5 spell levels left.
You didn't know any spells.
Your spell library contained the following spells:

 Spells                   Type           Power      Damage    Failure   Level
 Gell's Gravitas          Tloc           0%         N/A       71%         3
 Lesser Beckoning         Tloc           0%         N/A       71%         3
 Teleport Other           Tloc           0%         N/A       71%         3


Dungeon Overview and Level Annotations

Branches:
Dungeon (4/15)
 Temple: D:4-7

Altars:
Elyvilon
Makhleb
Okawaru
Qazlal
Trog
Wu Jian
Xom

Shops:
D:1 (


Innate Abilities, Weirdness & Mutations

You are too large for most types of armour.
You have tough skin. (AC +1)


Message History

You sock the gnoll! You burn the gnoll.
You kill the gnoll!
The gnoll hits you from afar with a +0 spear.
The gnoll hits you with a +0 flail. The gnoll hits you with a +0 flail!
* * * LOW HITPOINT WARNING * * *
The gnoll closely misses you.
Okay, then.
Throw: stone
Press: ? - help, Q - select action, (/) - cycle Shift-Dir - straight line, f - gnoll
Aim: a gnoll, wielding a +0 flail (63% to hit)
You throw a stone.
The stone hits the gnoll but does no damage.
The gnoll barely misses you. The gnoll completely misses you.
Throw: 3 throwing nets
Press: ? - help, Q - select action, (/) - cycle Shift-Dir - straight line, f/p - gnoll
Aim: a gnoll, wielding a +0 flail (63% to hit)
You throw a throwing net. The throwing net hits the gnoll.
The gnoll is caught in the net!
The gnoll closely misses you.
The gnoll struggles against the net.
You hit the gnoll. You burn the gnoll.
The gnoll is moderately wounded.
The gnoll hits you from afar with a +0 spear!
* * * LOW HITPOINT WARNING * * *
The gnoll struggles against the net.
You hit the gnoll. You burn the gnoll.
The gnoll is severely wounded.
The gnoll hits you from afar with a +0 spear.
* * * LOW HITPOINT WARNING * * *
The gnoll struggles against the net.
It was a potion of magic.
Magic courses through your body. The gnoll barely misses you.
The gnoll struggles against the net.
The net rips apart, and the gnoll comes free!
It was a potion of invisibility.
You fade into invisibility!
The gnoll closely misses you. The gnoll completely misses you.
You catch the helpless gnoll completely off-guard!
You hit the gnoll but do no damage.
The gnoll is severely wounded.
The gnoll hits you from afar with a +0 spear.
You die...

....# ###....###
#........## ##
#[..##.....
#.#####....?.....
###...#............
#$....#.gg.....#
#.....@)......#
###...###.........
#...###!g.......
##...#.#........
##....#..........
####................
#...................
##.≈≈≈≈≈≈≈≈≈.........
#..≈...§§..≈....


You could see 2 gnolls.

Vanquished Creatures
  4 crimson imps (D:3)
  Robin (D:2)
  2 gnolls
  2 adders
  A worm (D:3)
  3 dart slugs
  6 endoplasms
  2 giant cockroaches
  11 goblins
  6 hobgoblins
  8 jackals
  2 quokkas
  4 ball pythons
  5 bats
  6 frilled lizards
  5 kobolds
  4 rats
72 creatures vanquished.

Vanquished Creatures (others)
  A demonic plant (D:3)
1 creature vanquished.

Grand Total: 73 creatures vanquished

Notes
Turn   | Place    | Note
-------+----------+-------------------------------------------
     0 | D:1      | SmokeWeed the Ogre Gladiator began the quest for the Orb.
     0 | D:1      | Reached XP level 1. HP: 22/22 MP: 1/1
   167 | D:1      | Reached XP level 2. HP: 12/29 MP: 2/2
   458 | D:1      | Reached skill level 3 in Fighting
   497 | D:1      | Reached XP level 3. HP: 16/37 MP: 3/3
   758 | D:1      | Found Niurr's Antique Weapon Shoppe.
  1147 | D:2      | Noticed Robin
  1157 | D:2      | Killed Robin
  1158 | D:2      | Reached XP level 4. HP: 28/45 MP: 4/4
  2089 | D:3      | Reached skill level 1 in Maces & Flails
  2102 | D:3      | Found a burning altar of Makhleb.
  2380 | D:3      | Found an iron altar of Okawaru.
  2380 | D:3      | Found an ornate altar of the Wu Jian Council.
  2387 | D:3      | Found a stormy altar of Qazlal.
  2389 | D:3      | Found a faded altar of an unknown god.
  2391 | D:3      | Found a white marble altar of Elyvilon.
  2603 | D:3      | Found a shimmering altar of Xom.
  2629 | D:3      | Reached XP level 5. HP: 43/54 MP: 5/5
  2772 | D:3      | Found a faded altar of an unknown god.
  2772 | D:3      | Noticed a cacodemon
  2854 | D:3      | Reached skill level 4 in Fighting
  2854 | D:3      | Reached XP level 6. HP: 34/62 MP: 6/6
  3388 | D:4      | Reached skill level 1 in Stealth
  3416 | D:4      | Found a bloodstained altar of Trog.
  3470 | D:4      | HP: 3/62 [gnoll/+0 spear (2)]
  3473 | D:4      | Slain by a gnoll

Illustrated notes

Levels and vault maps discovered:
D:1:      elethiomel_arrival_maze, layout_loops_ring, serial_shops,
          nicolae_diamond_shop
D:2:      layout_basic, uniq_robin
D:3:      layout_loops_cross, led_xom_imps, chequers_temple_overflow_minitemple,
          mainiacjoe_overflow_brackets, dreamdust_ecumenical_altar_sealed_demon,
          st_stairs_8, ebering_dispersal_statue_hall
D:4:      layout_cave_pools, mainiacjoe_overflow_concentric_impassable,
          mrwooster_statue_mirror, kennysheep_nub

Skill      XL: |  1  2  3  4  5  6 |
---------------+-------------------+-----
Dodging        | 3 |  3.8
Short Blades   | 3 |  3.5
Fighting       | 3 4 |  4.1
Maces & Flails | 1 2 |  2.8
Stealth        | 1 |  1.0
Throwing       | |  2.1

Action                   |  1- 3 |  4- 6 || total
-------------------------+-------+-------++-------
Melee: Rapier            |    50 |       ||    50
       Club              |    39 |       ||    39
       Punch             |     2 |     1 ||     3
       Mace              |    40 |   137 ||   177
       Dagger            |     3 |       ||     3
Throw: Throwing net      |     1 |     5 ||     6
       Large rock        |       |     1 ||     1
       Stone             |       |     4 ||     4
  Use: Scroll            |       |    12 ||    12
       Potion            |       |     2 ||     2
 Stab: Held in net/web   |     1 |       ||     1
       Sleeping          |       |     1 ||     1
       Invisible         |       |     1 ||     1
Armor: Robe              |    54 |     3 ||    57
       Animal skin       |       |    62 ||    62
Dodge: Dodged            |    99 |   116 ||   215

Table legend: (Time is in decaauts)
 A = Elapsed time spent in this place.
 B = Non-inter-level travel time spent in this place.
 C = Inter-level travel time spent in this place.
 D = Time resting spent in this place.
 E = Time spent auto-exploring this place.
 F = Levels seen in this place.
 G = Mean time per level.
                   A        B        C        D        E       F      G
               +--------+--------+--------+--------+--------+-----+--------+
         Total |   3547 |   3142 |    405 |    100 |   2173 |   4 |  886.8 |
       Dungeon |   3547 |   3142 |    405 |    100 |   2173 |   4 |  886.8 |
               +--------+--------+--------+--------+--------+-----+--------+

Top non-repeatable levels by time:
     D:3: 1459 daAuts
     D:1: 1117 daAuts
     D:2: 872 daAuts
     D:4: 99 daAuts
